 Dungeon Crawl Stone Soup version 0.24-a0-183-g8902462 (console) character file.

Game seed: 133888673669647696

97 Duffy the Firebug (level 4, -1/36 HPs)
             Began as a Naga Fire Elementalist on Mar 15, 2019.
             Slain by an orc wizard
             ... wielding a +0 dagger
              (5 damage)
             ... on level 2 of the Dungeon.
             The game lasted 00:03:02 (2813 turns).

Duffy the Firebug (Naga Fire Elementalist)          Turns: 2813, Time: 00:03:03

Health: -1/36      AC:  3    Str: 11    XL:     4   Next: 68%
Magic:  2/7        EV: 10    Int: 16    God:
Gold:   142        SH:  0    Dex: 11    Spells: 3/7 levels left

rFire    . . .     SeeInvis +   c - 5 rations
rCold    . . .     Gourm    .   (no shield)
rNeg     . . .     Faith    .   a - +0 robe
rPois    +         Spirit   .   o - +0 helmet
rElec    .         Reflect  .   p - scarf {repulsion}
rCorr    .         Harm     .   (no gloves)
MR       .....                  (no barding)
Stlth    ++........             (no amulet)
HPRegen  0.12/turn              (no ring)
MPRegen  0.10/turn              (no ring)

@: short of breath, repel missiles, very slow
A: large, see invisible, deformed body, poison resistance, slowness 2, slow
metabolism 1, spit poison 1, AC +1
a: Spit Poison


You were on level 2 of the Dungeon.
You were not hungry.

You visited 1 branch of the dungeon, and saw 3 of its levels.

You collected 142 gold pieces.

Inventory:

Armour
 a - a +0 robe (worn)
 i - a +2 shield
 o - a +0 helmet (worn)
 p - a scarf of repulsion (worn)
Scrolls
 d - a scroll of remove curse
 g - a scroll of teleportation
 h - a scroll of magic mapping
 l - a scroll of noise {unknown}
Potions
 b - 2 potions of haste
 e - a potion of agility {unknown}
 f - 2 potions of lignification
 j - 2 potions of heal wounds {unknown}
 k - a potion of degeneration {unknown}
 m - a potion of mutation {unknown}
 n - a potion of flight {unknown}
Comestibles
 c - 5 rations (in hand)


   Skills:
 - Level 1.5 Dodging
 - Level 3.0 Stealth
 + Level 2.0 Shields
 + Level 2.1 Spellcasting
 + Level 3.0 Conjurations
 + Level 3.1 Fire Magic


You had 3 spell levels left.
You knew the following spells:

 Your Spells              Type           Power        Failure   Level  Hunger
h - Flame Tongue          Conj/Fire      ##...        6%          1    #......
l - Conjure Flame         Conj/Fire      ##......     17%         3    ###....

Your spell library contained the following spells:

 Spells                   Type           Power        Failure   Level  Hunger
 Throw Flame              Conj/Fire      ##....       9%          2    ###....
 Inner Flame              Hex/Fire       #.......     32%         3    ###....
 Sticky Flame             Conj/Fire      ##......     50%         4    #####..
 Fireball                 Conj/Fire      ##........   85%         5    ######.


Dungeon Overview and Level Annotations

Branches:
Dungeon (3/15)

Altars:


Innate Abilities, Weirdness & Mutations

You cannot wear boots.
Your serpentine skin is tough. (AC +1)
You have supernaturally acute eyesight. (SInv)
Armour fits poorly on your strangely shaped body.
Your system is resistant to poisons. (rPois)
You cover ground very slowly.
You have a slow metabolism.
You can spit poison.


Message History

Aim: an orc wizard, wielding a +0 dagger and wearing a +0 robe (moderately wounded, fast)
The flame tongue hits the orc wizard!
The orc wizard is severely wounded.
The orc wizard barely misses you.
The orc wizard hits you with a +0 dagger.
The orc wizard misses you. The orc wizard barely misses you.
The orc wizard hits you but does no damage.
You climb upwards.
There is a stone staircase leading down here.
Press: ? - help, Shift-Dir - straight line, f - orc wizard
Aim: an orc wizard, wielding a +0 dagger and wearing a +0 robe The splash of poison hits the orc wizard.
The orc wizard is poisoned.
The orc wizard is moderately wounded.
You feel slightly more hungry. The orc wizard casts a spell at you.
The puff of frost hits you!
The orc wizard hits you with a +0 dagger.
You die...

# ##%......#..#####.##.......... #
######..##.......####.####### ###
####.#####.....## #.#
..#######....#####.##...###.## #
...................##........######
##.................#####...#.....##
#####.##...........# ###.#####.##
##.###..........#######....##...
#).# #...)....@o............####
###.## #.....)...o#######.##...###
##...# #..........# #.###...##
...######.#....##### #..####[..
..........(....############.....##.
#########.#.##..............###.##.
#...#.###############..#..##.
#.##..# ##....##. #.##.## #######.


You could see 2 orc wizards.

Vanquished Creatures
  3 adders
  4 worms
  4 leopard geckos
  An orc (D:3)
  A ball python (D:1)
  A giant cockroach (D:2)
  5 goblins
  7 hobgoblins
  7 jackals
  6 bats
  5 frilled lizards
  2 kobolds
  8 rats
54 creatures vanquished.

Notes
Turn   | Place    | Note
-------+----------+-------------------------------------------
     0 | D:1      | Duffy the Naga Fire Elementalist began the quest for the
                  | Orb.
     0 | D:1      | Reached XP level 1. HP: 15/15 MP: 3/3
   274 | D:1      | Reached XP level 2. HP: 22/22 MP: 5/5
   656 | D:1      | Reached skill level 1 in Shields
   907 | D:1      | Reached XP level 3. HP: 18/28 MP: 1/6
  1576 | D:1      | Reached XP level 4. HP: 19/36 MP: 5/7
  2204 | D:2      | Learned a level 3 spell: Conjure Flame
  2813 | D:2      | Slain by an orc wizard

Levels and vault maps discovered:
D:1:      lightli_arrival_lavapool, layout_loops_ring
D:2:      layout_rooms, first_ration
D:3:      layout_loops_cross, evilmike_ruin_ashenzari,
          nicolae_overflow_hidden_temple, okawaru_altar_gauntlet_db,
          nemelex_spade_bored_becter, uniq_terence

Skill      XL: |  1  2  3  4 |
---------------+-------------+-----
Conjurations   | 2 3 |  3.0
Shields        | 1 2 |  2.0
Dodging        | |  1.5
Stealth        | |  3.0
Spellcasting   | |  2.1
Fire Magic     | |  3.1

Action                   |  1- 3 |  4- 6 || total
-------------------------+-------+-------++-------
 Cast: Flame Tongue      |    38 |    42 ||    80
 Abil: Spit Poison       |    27 |    11 ||    38
  Use: Scroll            |     2 |     4 ||     6
  Eat: Chunk             |     2 |     5 ||     7
Armor: Robe              |     3 |     2 ||     5
Dodge: Dodged            |    29 |    26 ||    55

Table legend:
 A = Non-vault XP
 B = Vault XP
 C = Vault XP percentage of total XP
 D = Non-vault monster count
 E = Vault monster count
 F = Vault count percentage of total count
                 A         B        C        D         E       F
            +---------+---------+-------+---------+---------+-------
      Total |     139 |       0 |   0.0 |      54 |       0 |   0.0
            +---------+---------+-------+---------+---------+-------
        D:1 |      67 |       0 |   0.0 |      27 |       0 |   0.0
        D:2 |      68 |       0 |   0.0 |      25 |       0 |   0.0
        D:3 |       4 |       0 |   0.0 |       2 |       0 |   0.0
            +---------+---------+-------+---------+---------+-------
